Kings vs Oilers

Created - 4 octobre 2017 at 17:43

Goals
1 2 3 T
Kings 4 0 0 4
Oilers 1 1 1 3
Shots
1 2 3 T
Kings 14 11 8 33
Oilers 8 7 19 34

1st period

1. Kings , Austin Watson 1 (Fedor Tyutin 1) at 0:25
2. Kings , Colton Sceviour 1 (Joe Pavelski 1, Tomas Tatar 1) at 2:39 (PP)
3. Oilers , Ryan Getzlaf 1 (Aleksander Barkov 1, Brad Marchand 1) at 8:08 (PP)
4. Kings , Derek MacKenzie 1 (Andrei Markov 1, Jonathan Toews 1) at 15:12
5. Kings , Joe Pavelski 1 (Dan Hamhuis 1, Tomas Tatar 2) at 15:28

Penalties :
Aleksander Barkov (EDM) for Tripping (Minor) at 1:46, Patrik Berglund (LOS) for Hooking (Minor) at 7:40

2nd period

6. Oilers , Ryan Getzlaf 2 (Artem Anisimov 1, Brad Marchand 2) at 11:29

Penalties :
Ron Hainsey (EDM) for Diving (Minor) at 8:52, Tomas Tatar (LOS) for Roughing (Minor) at 8:52, Patrik Berglund (LOS) for Tripping (Minor) at 13:22

3rd period

7. Oilers , Brent Burns 1 (Brad Marchand 3, Artem Anisimov 2) at 12:38

Penalties :
Austin Watson (LOS) for Hooking (Minor) at 1:09

Goalie Stats

Steve Mason (LOS), 31 saves from 34 shots - (0.912), W, 1-0-0, 60:00 minutes
Antti Raanta (EDM), 22 saves from 22 shots - (1.000), 44:10 minutes
Martin Jones (EDM), 7 saves from 11 shots - (0.636), L, 0-1-0, 15:28 minutes

Players Stats for Kings

Player Name              G  A  P  +/- PIM S  H  SB GA TA FO     MP     PP MP  PK MP  
------------------------------------------------------------------------------------
Andrei Markov            0  1  1   2  0   1  1  0  0  0  0/0    25:14   0:36   2:50 
Austin Watson            1  0  1   0  2   1  4  0  0  0  0/0    13:29   0:00   0:19 
Colton Sceviour          1  0  1   0  0   2  1  0  0  0  1/1    17:33   0:17   3:40 
Dan Hamhuis              0  1  1   2  0   2  2  0  0  0  0/0    23:26   0:17   1:36 
Daniel Sedin             0  0  0   1  0   2  1  0  0  0  1/2    20:01   0:17   0:27 
Derek MacKenzie          1  0  1   1  0   2  1  0  0  0  6/16    9:41   0:00   3:32 
Fedor Tyutin             0  1  1   0  0   1  0  3  0  0  0/0    16:42   0:00   0:00 
Joe Pavelski             1  1  2   1  0   8  0  0  0  0  14/23  19:42   0:17   0:08 
Jonathan Toews           0  1  1   1  0   1  0  0  0  0  1/1     5:44   0:00   0:00 
Julius Honka             0  0  0   0  0   1  1  1  0  0  0/0    16:42   0:00   0:00 
Mark Stuart              0  0  0  -1  0   1  2  0  0  0  0/0    19:09   0:00   2:50 
Mikael Granlund          0  0  0  -1  0   5  0  0  0  0  8/21   17:51   0:36   0:46 
Patrik Berglund          0  0  0  -1  4   1  3  0  0  0  0/0    15:55   0:36   0:00 
Scott Hartnell           0  0  0  -1  0   0  3  0  0  0  0/0    15:57   0:36   0:00 
Stephen Johns            0  0  0  -1  0   1  0  0  0  0  0/0    17:54   0:00   1:36 
Tomas Tatar              0  2  2   1  2   1  0  0  0  0  1/1    18:17   0:17   0:00 
Victor Rask              0  0  0   0  0   2  0  0  0  0  13/22  14:30   0:36   0:00 
Zemgus Girgensons        0  0  0   1  0   1  0  0  0  0  0/1     5:44   0:00   0:00 

Players Stats for Oilers

Player Name              G  A  P  +/- PIM S  H  SB GA TA FO     MP     PP MP  PK MP  
------------------------------------------------------------------------------------
Aleksander Barkov        0  1  1  -2  2   5  0  1  0  0  4/16   16:17   2:39   0:00 
Alex Petrovic            0  0  0  -2  0   0  8  2  0  0  0/0    17:35   0:00   0:13 
Artem Anisimov           0  2  2   1  0   0  2  0  0  0  0/2    19:36   1:47   0:40 
Brad Marchand            0  3  3   1  0   6  1  0  0  0  2/4    19:35   2:39   0:00 
Brent Burns              1  0  1   0  0   1  1  1  0  0  0/0    22:51   2:24   0:00 
Brett Ritchie            0  0  0   0  0   0  0  0  0  0  0/1     8:06   0:00   0:00 
Brock McGinn             0  0  0   0  0   2  0  0  0  0  0/0     8:06   0:00   0:00 
Dominic Moore            0  0  0   0  0   1  0  0  0  0  7/10    8:33   0:00   0:27 
Francois Beauchemin      0  0  0   0  0   2  1  1  0  0  0/0    22:31   2:24   0:00 
Jannik Hansen            0  0  0   0  0   4  0  0  0  0  1/1    14:34   0:00   0:13 
Justin Williams          0  0  0  -2  0   1  1  0  0  0  1/2    14:09   0:00   0:00 
Marc-Edouard Vlasic      0  0  0   1  0   2  1  1  0  0  0/0    19:54   2:02   0:40 
Martin Marincin          0  0  0  -2  0   1  0  1  0  0  0/0    17:35   0:00   0:13 
Matthew Nieto            0  0  0  -2  0   0  0  1  0  0  0/2    14:32   0:00   0:00 
Michael Grabner          0  0  0   0  0   2  0  1  0  0  0/1    16:54   1:47   0:00 
Ron Hainsey              0  0  0   1  2   0  2  1  0  0  0/0    19:33   2:02   0:40 
Ryan Getzlaf             2  0  2   1  0   4  0  0  0  0  20/29  19:25   2:39   0:00 
Ryan Johansen            0  0  0   0  0   3  2  0  0  0  8/20   17:20   1:47   0:26 

3 Stars

1 - Ryan Getzlaf (EDM)
2 - Brad Marchand (EDM)
3 - Joe Pavelski (LOS)

Power Play

Kings - 1 on 1 Attempt(s) - 100.00%
Oilers - 1 on 3 Attempt(s) - 33.33%

Penalty Kill

Kings - 2 on 3 Attempt(s) - 66.67% - Score 0 goal in Penalty Kill
Oilers - 0 on 1 Attempt(s) - 0.00% - Score 0 goal in Penalty Kill

Team Stat

Kings - Hits : 19 - Faceoff Wins : 45 - Blocked Shots : 4 - Penalty Minutes : 8
Oilers - Hits : 19 - Faceoff Wins : 43 - Blocked Shots : 10 - Penalty Minutes : 4

Official

Referees : Justin StPierre and Jacob Brenk
Linesman : Brandon Gawryletz and Brian Mach

Game Notes

Antti Raanta enters game at 15:28 of 1st period

Finance

Level 1 -- Attendance: 6464 (99.45%) -- Ticket Income 601 152 $
Level 2 -- Attendance: 4442 (88.84%) -- Ticket Income 324 266 $
Level 3 -- Attendance: 3179 (90.83%) -- Ticket Income 206 635 $
Level 4 -- Attendance: 839 (100.00%) -- Ticket Income 52 018 $
Luxury Box -- Attendance: 1000 (100.00%) -- Ticket Income 195 000 $
Game was played at the Rexall Place.
Total Attendance: 15924 (94.57%)
Total Ticket Income: 1 379 071 $
Other Income: 206 861 $
Total Income: 1 585 932 $

% Time on Ice - Kings

Lines # - Real PCT - Wanted PCT - Time Play
Normal Forward
1 - 34% - 35% - 18:01
2 - 29% - 30% - 15:21
3 - 25% - 25% - 13:11
4 - 11% - 10% - 5:44
Normal Defense
1 - 36% - 40% - 19:01
2 - 29% - 30% - 15:10
3 - 32% - 20% - 16:42
4 - 3% - 10% - 1:24
PP Forward
1 - 32% - 60% - 0:17
2 - 68% - 40% - 0:36
PP Defense
1 - 68% - 60% - 0:36
2 - 32% - 40% - 0:17
PK Forward
1 - 83% - 60% - 3:40
2 - 17% - 40% - 0:46
PK Defense
1 - 64% - 60% - 2:50
2 - 36% - 40% - 1:36
PK3 Forward
1 - 0% - 60%
2 - 0% - 40%
PK3 Defense
1 - 0% - 60%
2 - 0% - 40%
44 Forward
1 - 64% - 60% - 1:16
2 - 36% - 40% - 0:43
44 Defense
1 - 64% - 60% - 1:16
2 - 36% - 40% - 0:43
Last Minute Offensive  - 0:00
Last Minute Defensive  - 0:25
Total
Forward - 60:00
Defense - 60:00

% Time on Ice - Oilers

Lines # - Real PCT - Wanted PCT - Time Play
Normal Forward
1 - 31% - 33% - 16:06
2 - 28% - 30% - 14:21
3 - 26% - 27% - 13:29
4 - 16% - 10% - 8:06
Normal Defense
1 - 36% - 37% - 18:51
2 - 32% - 33% - 16:52
3 - 31% - 30% - 16:19
4 - 0% - 0% - 0:00
PP Forward
1 - 60% - 50% - 2:39
2 - 40% - 50% - 1:47
PP Defense
1 - 54% - 50% - 2:24
2 - 46% - 50% - 2:02
PK Forward
1 - 25% - 50% - 0:13
2 - 75% - 50% - 0:40
PK Defense
1 - 25% - 50% - 0:13
2 - 75% - 50% - 0:40
PK3 Forward
1 - 0% - 50%
2 - 0% - 50%
PK3 Defense
1 - 0% - 50%
2 - 0% - 50%
44 Forward
1 - 53% - 50% - 1:03
2 - 47% - 50% - 0:56
44 Defense
1 - 53% - 50% - 1:03
2 - 47% - 50% - 0:56
Last Minute Offensive  - 0:40
Last Minute Defensive  - 0:00
Total
Forward - 60:00
Defense - 60:00

Play by Play

1st period


0:01 of 1st period - Tomas Tatar wins face-off versus Ryan Getzlaf in neutral zone.
0:04 of 1st period - Shot by Joe Pavelski.
0:04 of 1st period - Stopped by Martin Jones without a rebound.
0:05 of 1st period - Mikael Granlund wins face-off versus Ryan Johansen in Oilers zone.
0:14 of 1st period - Shot by Patrik Berglund.
0:14 of 1st period - Shot Blocked by Ron Hainsey.
0:16 of 1st period - Shot by Stephen Johns.
0:16 of 1st period - Stopped by Martin Jones without a rebound.
0:17 of 1st period - Aleksander Barkov wins face-off versus Victor Rask in Oilers zone.
0:17 of 1st period - Aleksander Barkov is hit by Colton Sceviour.
0:25 of 1st period - Shot by Austin Watson.
0:25 of 1st period - Goal by Austin Watson - Kings : 1 - Oilers : 0.
0:26 of 1st period - Ryan Getzlaf wins face-off versus Joe Pavelski in neutral zone.
0:46 of 1st period - Icing by Dan Hamhuis.
0:47 of 1st period - Dominic Moore wins face-off versus Joe Pavelski in Kings zone.
1:34 of 1st period - Icing by Ron Hainsey.
1:35 of 1st period - Justin Williams wins face-off versus Mikael Granlund in Oilers zone.
1:35 of 1st period - Justin Williams is hit by Patrik Berglund.
1:46 of 1st period - Minor Penalty to Aleksander Barkov for Tripping.
1:47 of 1st period - Dominic Moore wins face-off versus Victor Rask in Oilers zone.
1:47 of 1st period - Dominic Moore is hit by Scott Hartnell.
2:07 of 1st period - Shot by Mikael Granlund.
2:07 of 1st period - Shot Misses the Net.
2:37 of 1st period - Shot by Joe Pavelski.
2:37 of 1st period - Stopped by Martin Jones with a rebound.
2:39 of 1st period - Shot by Colton Sceviour.
2:39 of 1st period - Goal by Colton Sceviour - Kings : 2 - Oilers : 0.
2:40 of 1st period - Derek MacKenzie wins face-off versus Aleksander Barkov in neutral zone.
2:54 of 1st period - Shot by Aleksander Barkov.
2:54 of 1st period - Stopped by Steve Mason without a rebound.
2:55 of 1st period - Ryan Johansen wins face-off versus Victor Rask in Kings zone.
3:50 of 1st period - Marc-Edouard Vlasic is hit by Scott Hartnell and loses puck.
4:52 of 1st period - Shot by Aleksander Barkov.
4:52 of 1st period - Shot Misses the Net.
4:54 of 1st period - Shot by Matthew Nieto.
4:54 of 1st period - Deflect By Justin Williams.
4:54 of 1st period - Shot Misses the Net.
5:05 of 1st period - Justin Williams is hit by Dan Hamhuis and loses puck.
5:24 of 1st period - Shot by Brett Ritchie.
5:24 of 1st period - Shot Misses the Net.
5:28 of 1st period - Shot by Brock McGinn.
5:28 of 1st period - Deflect By Dominic Moore.
5:28 of 1st period - Stopped by Steve Mason without a rebound.
5:29 of 1st period - Jannik Hansen wins face-off versus Victor Rask in Kings zone.
5:29 of 1st period - Michael Grabner is hit by Julius Honka and loses puck.
5:55 of 1st period - Off-side.
5:56 of 1st period - Ryan Getzlaf wins face-off versus Derek MacKenzie in neutral zone.
6:25 of 1st period - Shot by Ryan Getzlaf.
6:25 of 1st period - Shot Misses the Net.
6:27 of 1st period - Shot by Brent Burns.
6:27 of 1st period - Shot Misses the Net.
6:29 of 1st period - Shot by Francois Beauchemin.
6:29 of 1st period - Stopped by Steve Mason without a rebound.
6:30 of 1st period - Joe Pavelski wins face-off versus Aleksander Barkov in Kings zone.
6:34 of 1st period - Daniel Sedin is hit by Alex Petrovic and loses puck.
6:51 of 1st period - Shot by Aleksander Barkov.
6:51 of 1st period - Deflect By Justin Williams.
6:51 of 1st period - Shot Misses the Net.
7:03 of 1st period - Shot by Joe Pavelski.
7:03 of 1st period - Stopped by Martin Jones without a rebound.
7:04 of 1st period - Ryan Johansen wins face-off versus Mikael Granlund in Oilers zone.
7:13 of 1st period - Marc-Edouard Vlasic is hit by Mark Stuart and loses puck.
7:20 of 1st period - Ron Hainsey is hit by Patrik Berglund and loses puck.
7:40 of 1st period - Minor Penalty to Patrik Berglund for Hooking.
7:41 of 1st period - Ryan Getzlaf wins face-off versus Derek MacKenzie in Kings zone.
8:08 of 1st period - Shot by Ryan Getzlaf.
8:08 of 1st period - Goal by Ryan Getzlaf - Kings : 2 - Oilers : 1.
8:09 of 1st period - Dominic Moore wins face-off versus Joe Pavelski in neutral zone.
9:42 of 1st period - Martin Marincin is hit by Austin Watson.
9:56 of 1st period - Shot by Brad Marchand.
9:56 of 1st period - Shot Misses the Net.
11:09 of 1st period - Shot by Michael Grabner.
11:09 of 1st period - Stopped by Steve Mason without a rebound.
11:10 of 1st period - Joe Pavelski wins face-off versus Aleksander Barkov in Kings zone.
11:35 of 1st period - Shot by Aleksander Barkov.
11:35 of 1st period - Stopped by Steve Mason with a rebound.
11:37 of 1st period - Shot by Aleksander Barkov.
11:37 of 1st period - Stopped by Steve Mason without a rebound.
11:38 of 1st period - Ryan Johansen wins face-off versus Mikael Granlund in Kings zone.
11:51 of 1st period - Shot by Mikael Granlund.
11:51 of 1st period - Shot Blocked by Michael Grabner.
11:53 of 1st period - Shot by Fedor Tyutin.
11:53 of 1st period - Shot Misses the Net.
12:03 of 1st period - Shot by Patrik Berglund.
12:03 of 1st period - Stopped by Martin Jones without a rebound.
12:04 of 1st period - Derek MacKenzie wins face-off versus Ryan Getzlaf in Oilers zone.
12:09 of 1st period - Shot by Jonathan Toews.
12:09 of 1st period - Shot Misses the Net.
12:27 of 1st period - Icing by Brad Marchand.
12:28 of 1st period - Victor Rask wins face-off versus Brad Marchand in Oilers zone.
12:51 of 1st period - Shot by Brad Marchand.
12:51 of 1st period - Shot Misses the Net.
13:05 of 1st period - Shot by Ryan Johansen.
13:05 of 1st period - Stopped by Steve Mason with a rebound.
13:07 of 1st period - Shot by Michael Grabner.
13:07 of 1st period - Deflect By Jannik Hansen.
13:07 of 1st period - Shot Misses the Net.
13:24 of 1st period - Jannik Hansen is hit by Austin Watson and loses puck.
13:50 of 1st period - Daniel Sedin is hit by Alex Petrovic and loses puck.
14:03 of 1st period - Shot by Joe Pavelski.
14:03 of 1st period - Stopped by Martin Jones without a rebound.
14:04 of 1st period - Dominic Moore wins face-off versus Mikael Granlund in Oilers zone.
14:04 of 1st period - Dominic Moore is hit by Scott Hartnell.
15:12 of 1st period - Shot by Derek MacKenzie.
15:12 of 1st period - Goal by Derek MacKenzie - Kings : 3 - Oilers : 1.
15:13 of 1st period - Joe Pavelski wins face-off versus Aleksander Barkov in neutral zone.
15:18 of 1st period - Shot by Tomas Tatar.
15:18 of 1st period - Shot Blocked by Matthew Nieto.
15:20 of 1st period - Shot by Andrei Markov.
15:20 of 1st period - Shot Blocked by Aleksander Barkov.
15:22 of 1st period - Shot by Tomas Tatar.
15:22 of 1st period - Shot Misses the Net.
15:24 of 1st period - Shot by Dan Hamhuis.
15:24 of 1st period - Shot Blocked by Martin Marincin.
15:26 of 1st period - Shot by Dan Hamhuis.
15:26 of 1st period - Stopped by Martin Jones with a rebound.
15:28 of 1st period - Shot by Joe Pavelski.
15:28 of 1st period - Goal by Joe Pavelski - Kings : 4 - Oilers : 1.
15:28 of 1st period - Antti Raanta enters game.
15:29 of 1st period - Ryan Getzlaf wins face-off versus Derek MacKenzie in neutral zone.
15:34 of 1st period - Shot by Derek MacKenzie.
15:34 of 1st period - Shot Misses the Net.
15:42 of 1st period - Shot by Brad Marchand.
15:42 of 1st period - Shot Misses the Net.
15:57 of 1st period - Shot by Jonathan Toews.
15:57 of 1st period - Stopped by Antti Raanta with a rebound.
17:12 of 1st period - Shot by Scott Hartnell.
17:12 of 1st period - Shot Misses the Net.
17:28 of 1st period - Alex Petrovic is hit by Austin Watson.
17:29 of 1st period - Icing by Alex Petrovic.
17:30 of 1st period - Victor Rask wins face-off versus Michael Grabner in Oilers zone.
17:35 of 1st period - Shot by Victor Rask.
17:35 of 1st period - Stopped by Antti Raanta without a rebound.
17:36 of 1st period - Victor Rask wins face-off versus Matthew Nieto in Oilers zone.
17:56 of 1st period - Colton Sceviour is hit by Brent Burns and loses puck.
18:05 of 1st period - Shot by Victor Rask.
18:05 of 1st period - Stopped by Antti Raanta without a rebound.
18:06 of 1st period - Ryan Getzlaf wins face-off versus Joe Pavelski in Oilers zone.
18:58 of 1st period - Icing by Stephen Johns.
18:59 of 1st period - Joe Pavelski wins face-off versus Aleksander Barkov in Kings zone.
19:23 of 1st period - Brent Burns is hit by Patrik Berglund and loses puck.
19:28 of 1st period - Shot by Scott Hartnell.
19:28 of 1st period - Shot Misses the Net.
Goals for this period are 4 for Kings vs 1 for Oilers.
Shots for this period are 14 for Kings vs 8 for Oilers.

2nd period


0:01 of 2nd period - Colton Sceviour wins face-off versus Ryan Johansen in neutral zone.
0:08 of 2nd period - Austin Watson is hit by Ryan Johansen and loses puck.
1:05 of 2nd period - Shot by Joe Pavelski.
1:05 of 2nd period - Stopped by Antti Raanta without a rebound.
1:06 of 2nd period - Aleksander Barkov wins face-off versus Mikael Granlund in Oilers zone.
1:25 of 2nd period - Shot by Mikael Granlund.
1:25 of 2nd period - Shot Misses the Net.
1:27 of 2nd period - Shot by Mikael Granlund.
1:27 of 2nd period - Stopped by Antti Raanta without a rebound.
1:28 of 2nd period - Ryan Getzlaf wins face-off versus Daniel Sedin in Oilers zone.
2:03 of 2nd period - Shot by Tomas Tatar.
2:03 of 2nd period - Stopped by Antti Raanta without a rebound.
2:04 of 2nd period - Ryan Johansen wins face-off versus Mikael Granlund in Oilers zone.
3:09 of 2nd period - Shot by Austin Watson.
3:09 of 2nd period - Shot Blocked by Alex Petrovic.
3:11 of 2nd period - Shot by Fedor Tyutin.
3:11 of 2nd period - Stopped by Antti Raanta without a rebound.
3:12 of 2nd period - Ryan Getzlaf wins face-off versus Joe Pavelski in Oilers zone.
3:19 of 2nd period - Shot by Ryan Getzlaf.
3:19 of 2nd period - Shot Misses the Net.
3:45 of 2nd period - Shot by Joe Pavelski.
3:45 of 2nd period - Shot Misses the Net.
3:47 of 2nd period - Shot by Mark Stuart.
3:47 of 2nd period - Shot Misses the Net.
3:49 of 2nd period - Shot by Daniel Sedin.
3:49 of 2nd period - Stopped by Antti Raanta without a rebound.
3:50 of 2nd period - Victor Rask wins face-off versus Aleksander Barkov in Oilers zone.
6:02 of 2nd period - Shot by Daniel Sedin.
6:02 of 2nd period - Shot Blocked by Francois Beauchemin.
6:43 of 2nd period - Shot by Jonathan Toews.
6:43 of 2nd period - Shot Misses the Net.
6:46 of 2nd period - Icing by Martin Marincin.
6:47 of 2nd period - Victor Rask wins face-off versus Dominic Moore in Oilers zone.
6:47 of 2nd period - Julius Honka is hit by Alex Petrovic and loses puck.
7:27 of 2nd period - Shot by Justin Williams.
7:27 of 2nd period - Shot Misses the Net.
8:00 of 2nd period - Off-side.
8:01 of 2nd period - Ryan Getzlaf wins face-off versus Joe Pavelski in neutral zone.
8:19 of 2nd period - Icing by Francois Beauchemin.
8:20 of 2nd period - Ryan Getzlaf wins face-off versus Mikael Granlund in Oilers zone.
8:33 of 2nd period - Shot by Ryan Getzlaf.
8:33 of 2nd period - Stopped by Steve Mason without a rebound.
8:34 of 2nd period - Joe Pavelski wins face-off versus Ryan Johansen in Kings zone.
8:38 of 2nd period - Tomas Tatar is hit by Marc-Edouard Vlasic and loses puck.
8:52 of 2nd period - Minor Penalty to Ron Hainsey for Diving.
8:52 of 2nd period - Minor Penalty to Tomas Tatar for Roughing.
8:53 of 2nd period - Joe Pavelski wins face-off versus Artem Anisimov in Oilers zone.
9:04 of 2nd period - Shot by Joe Pavelski.
9:04 of 2nd period - Stopped by Antti Raanta with a rebound.
9:38 of 2nd period - Mikael Granlund is hit by Artem Anisimov and loses puck.
10:27 of 2nd period - Shot by Joe Pavelski.
10:27 of 2nd period - Stopped by Antti Raanta with a rebound.
11:12 of 2nd period - Jonathan Toews is hit by Ron Hainsey and loses puck.
11:17 of 2nd period - Shot by Zemgus Girgensons.
11:17 of 2nd period - Stopped by Antti Raanta without a rebound.
11:18 of 2nd period - Ryan Getzlaf wins face-off versus Mikael Granlund in Oilers zone.
11:25 of 2nd period - Shot by Brad Marchand.
11:25 of 2nd period - Shot Misses the Net.
11:27 of 2nd period - Shot by Artem Anisimov.
11:27 of 2nd period - Shot Misses the Net.
11:29 of 2nd period - Shot by Ryan Getzlaf.
11:29 of 2nd period - Goal by Ryan Getzlaf - Kings : 4 - Oilers : 2.
11:30 of 2nd period - Victor Rask wins face-off versus Justin Williams in neutral zone.
11:42 of 2nd period - Off-side.
11:43 of 2nd period - Mikael Granlund wins face-off versus Brett Ritchie in neutral zone.
11:53 of 2nd period - Icing by Martin Marincin.
11:54 of 2nd period - Victor Rask wins face-off versus Dominic Moore in Oilers zone.
12:05 of 2nd period - Icing by Brock McGinn.
12:06 of 2nd period - Dominic Moore wins face-off versus Joe Pavelski in Oilers zone.
12:27 of 2nd period - Shot by Daniel Sedin.
12:27 of 2nd period - Stopped by Antti Raanta without a rebound.
12:28 of 2nd period - Mikael Granlund wins face-off versus Ryan Johansen in Oilers zone.
12:28 of 2nd period - Mikael Granlund is hit by Francois Beauchemin.
12:46 of 2nd period - Scott Hartnell is hit by Ryan Johansen and loses puck.
13:22 of 2nd period - Minor Penalty to Patrik Berglund for Tripping.
13:23 of 2nd period - Ryan Getzlaf wins face-off versus Derek MacKenzie in Kings zone.
13:48 of 2nd period - Shot by Brad Marchand.
13:48 of 2nd period - Stopped by Steve Mason without a rebound.
13:49 of 2nd period - Derek MacKenzie wins face-off versus Ryan Johansen in Kings zone.
14:10 of 2nd period - Shot by Francois Beauchemin.
14:10 of 2nd period - Stopped by Steve Mason without a rebound.
14:11 of 2nd period - Derek MacKenzie wins face-off versus Ryan Getzlaf in Kings zone.
14:16 of 2nd period - Marc-Edouard Vlasic is hit by Derek MacKenzie and loses puck.
14:33 of 2nd period - Shot by Aleksander Barkov.
14:33 of 2nd period - Shot Misses the Net.
15:32 of 2nd period - Off-side.
15:33 of 2nd period - Mikael Granlund wins face-off versus Dominic Moore in neutral zone.
15:54 of 2nd period - Shot by Martin Marincin.
15:54 of 2nd period - Stopped by Steve Mason without a rebound.
15:55 of 2nd period - Joe Pavelski wins face-off versus Artem Anisimov in Kings zone.
16:08 of 2nd period - Shot by Joe Pavelski.
16:08 of 2nd period - Shot Misses the Net.
17:07 of 2nd period - Shot by Mikael Granlund.
17:07 of 2nd period - Stopped by Antti Raanta with a rebound.
17:09 of 2nd period - Shot by Fedor Tyutin.
17:09 of 2nd period - Shot Misses the Net.
17:18 of 2nd period - Mikael Granlund is hit by Ron Hainsey and loses puck.
17:29 of 2nd period - Shot by Mikael Granlund.
17:29 of 2nd period - Stopped by Antti Raanta without a rebound.
17:30 of 2nd period - Jonathan Toews wins face-off versus Ryan Johansen in Oilers zone.
17:36 of 2nd period - Icing by Jannik Hansen.
17:37 of 2nd period - Victor Rask wins face-off versus Ryan Johansen in Oilers zone.
17:40 of 2nd period - Shot by Colton Sceviour.
17:40 of 2nd period - Deflect By Victor Rask.
17:40 of 2nd period - Shot Blocked by Alex Petrovic.
17:52 of 2nd period - Shot by Michael Grabner.
17:52 of 2nd period - Shot Hit the Post.
17:54 of 2nd period - Shot by Ryan Johansen.
17:54 of 2nd period - Shot Misses the Net.
18:00 of 2nd period - Shot by Jannik Hansen.
18:00 of 2nd period - Stopped by Steve Mason without a rebound.
18:01 of 2nd period - Ryan Getzlaf wins face-off versus Zemgus Girgensons in Kings zone.
18:16 of 2nd period - Shot by Derek MacKenzie.
18:16 of 2nd period - Shot Misses the Net.
19:29 of 2nd period - Shot by Jannik Hansen.
19:29 of 2nd period - Stopped by Steve Mason with a rebound.
Goals for this period are 0 for Kings vs 1 for Oilers.
Shots for this period are 11 for Kings vs 7 for Oilers.

3rd period


0:01 of 3rd period - Joe Pavelski wins face-off versus Aleksander Barkov in neutral zone.
0:42 of 3rd period - Icing by Francois Beauchemin.
0:43 of 3rd period - Victor Rask wins face-off versus Aleksander Barkov in Oilers zone.
0:49 of 3rd period - Off-side.
0:50 of 3rd period - Ryan Getzlaf wins face-off versus Mikael Granlund in neutral zone.
1:00 of 3rd period - Icing by Alex Petrovic.
1:01 of 3rd period - Victor Rask wins face-off versus Ryan Getzlaf in Oilers zone.
1:02 of 3rd period - Shot by Colton Sceviour.
1:02 of 3rd period - Stopped by Antti Raanta without a rebound.
1:03 of 3rd period - Victor Rask wins face-off versus Ryan Getzlaf in Oilers zone.
1:09 of 3rd period - Minor Penalty to Austin Watson for Hooking.
1:10 of 3rd period - Ryan Johansen wins face-off versus Derek MacKenzie in Kings zone.
1:24 of 3rd period - Ryan Johansen is hit by Mark Stuart and loses puck.
1:31 of 3rd period - Shot by Artem Anisimov.
1:31 of 3rd period - Shot Misses the Net.
1:33 of 3rd period - Shot by Michael Grabner.
1:33 of 3rd period - Stopped by Steve Mason without a rebound.
1:34 of 3rd period - Brad Marchand wins face-off versus Derek MacKenzie in Kings zone.
1:39 of 3rd period - Shot by Aleksander Barkov.
1:39 of 3rd period - Shot Misses the Net.
1:41 of 3rd period - Shot by Marc-Edouard Vlasic.
1:41 of 3rd period - Stopped by Steve Mason without a rebound.
1:42 of 3rd period - Ryan Getzlaf wins face-off versus Derek MacKenzie in Kings zone.
1:43 of 3rd period - Shot by Aleksander Barkov.
1:43 of 3rd period - Stopped by Steve Mason without a rebound.
1:44 of 3rd period - Ryan Johansen wins face-off versus Derek MacKenzie in Kings zone.
1:54 of 3rd period - Shot by Marc-Edouard Vlasic.
1:54 of 3rd period - Stopped by Steve Mason without a rebound.
1:55 of 3rd period - Derek MacKenzie wins face-off versus Ryan Getzlaf in Kings zone.
1:55 of 3rd period - Derek MacKenzie is hit by Brad Marchand.
2:11 of 3rd period - Shot by Brad Marchand.
2:11 of 3rd period - Stopped by Steve Mason without a rebound.
2:12 of 3rd period - Mikael Granlund wins face-off versus Ryan Johansen in Kings zone.
2:21 of 3rd period - Marc-Edouard Vlasic is hit by Daniel Sedin and loses puck.
2:38 of 3rd period - Shot by Ryan Johansen.
2:38 of 3rd period - Stopped by Steve Mason without a rebound.
2:39 of 3rd period - Ryan Getzlaf wins face-off versus Derek MacKenzie in Kings zone.
2:56 of 3rd period - Shot by Brad Marchand.
2:56 of 3rd period - Shot Misses the Net.
3:10 of 3rd period - Shot by Dominic Moore.
3:10 of 3rd period - Shot Blocked by Julius Honka.
3:12 of 3rd period - Shot by Brock McGinn.
3:12 of 3rd period - Shot Blocked by Fedor Tyutin.
4:05 of 3rd period - Shot by Michael Grabner.
4:05 of 3rd period - Shot Blocked by Fedor Tyutin.
4:47 of 3rd period - Shot by Brad Marchand.
4:47 of 3rd period - Stopped by Steve Mason without a rebound.
4:48 of 3rd period - Aleksander Barkov wins face-off versus Victor Rask in Kings zone.
4:49 of 3rd period - Shot by Justin Williams.
4:49 of 3rd period - Stopped by Steve Mason with a rebound.
5:22 of 3rd period - Icing by Brent Burns.
5:23 of 3rd period - Aleksander Barkov wins face-off versus Joe Pavelski in Oilers zone.
5:28 of 3rd period - Shot by Aleksander Barkov.
5:28 of 3rd period - Stopped by Steve Mason without a rebound.
5:29 of 3rd period - Joe Pavelski wins face-off versus Ryan Getzlaf in Kings zone.
5:29 of 3rd period - Andrei Markov is hit by Artem Anisimov and loses puck.
5:44 of 3rd period - Shot by Dan Hamhuis.
5:44 of 3rd period - Stopped by Antti Raanta without a rebound.
5:45 of 3rd period - Derek MacKenzie wins face-off versus Ryan Johansen in Oilers zone.
5:54 of 3rd period - Shot by Derek MacKenzie.
5:54 of 3rd period - Stopped by Antti Raanta with a rebound.
7:19 of 3rd period - Shot by Brad Marchand.
7:19 of 3rd period - Stopped by Steve Mason without a rebound.
7:20 of 3rd period - Mikael Granlund wins face-off versus Matthew Nieto in Kings zone.
7:20 of 3rd period - Mikael Granlund is hit by Alex Petrovic.
7:29 of 3rd period - Icing by Alex Petrovic.
7:30 of 3rd period - Victor Rask wins face-off versus Aleksander Barkov in Oilers zone.
7:30 of 3rd period - Victor Rask is hit by Alex Petrovic.
8:13 of 3rd period - Scott Hartnell is hit by Alex Petrovic and loses puck.
8:20 of 3rd period - Shot by Mikael Granlund.
8:20 of 3rd period - Stopped by Antti Raanta without a rebound.
8:21 of 3rd period - Joe Pavelski wins face-off versus Ryan Getzlaf in Oilers zone.
8:22 of 3rd period - Shot by Daniel Sedin.
8:22 of 3rd period - Shot Misses the Net.
8:38 of 3rd period - Shot by Brad Marchand.
8:38 of 3rd period - Stopped by Steve Mason without a rebound.
8:39 of 3rd period - Ryan Johansen wins face-off versus Mikael Granlund in Kings zone.
8:45 of 3rd period - Ryan Johansen is hit by Dan Hamhuis and loses puck.
8:51 of 3rd period - Icing by Dan Hamhuis.
8:52 of 3rd period - Ryan Getzlaf wins face-off versus Mikael Granlund in Kings zone.
8:52 of 3rd period - Ryan Getzlaf is hit by Andrei Markov.
8:56 of 3rd period - Shot by Brad Marchand.
8:56 of 3rd period - Stopped by Steve Mason without a rebound.
8:57 of 3rd period - Brad Marchand wins face-off versus Joe Pavelski in Kings zone.
9:04 of 3rd period - Shot by Ryan Getzlaf.
9:04 of 3rd period - Stopped by Steve Mason without a rebound.
9:05 of 3rd period - Ryan Getzlaf wins face-off versus Victor Rask in Kings zone.
10:09 of 3rd period - Shot by Jannik Hansen.
10:09 of 3rd period - Stopped by Steve Mason without a rebound.
10:10 of 3rd period - Mikael Granlund wins face-off versus Aleksander Barkov in Kings zone.
10:10 of 3rd period - Mikael Granlund is hit by Justin Williams.
10:34 of 3rd period - Fedor Tyutin is hit by Alex Petrovic and loses puck.
10:55 of 3rd period - Icing by Fedor Tyutin.
10:56 of 3rd period - Mikael Granlund wins face-off versus Ryan Johansen in Kings zone.
11:08 of 3rd period - Icing by Ron Hainsey.
11:09 of 3rd period - Joe Pavelski wins face-off versus Ryan Johansen in Oilers zone.
11:16 of 3rd period - Shot by Daniel Sedin.
11:16 of 3rd period - Shot Misses the Net.
11:18 of 3rd period - Shot by Dan Hamhuis.
11:18 of 3rd period - Shot Misses the Net.
11:28 of 3rd period - Shot by Daniel Sedin.
11:28 of 3rd period - Deflect By Joe Pavelski.
11:28 of 3rd period - Shot Blocked by Marc-Edouard Vlasic.
11:39 of 3rd period - Icing by Jannik Hansen.
11:40 of 3rd period - Ryan Johansen wins face-off versus Victor Rask in Oilers zone.
12:36 of 3rd period - Shot by Brad Marchand.
12:36 of 3rd period - Shot Misses the Net.
12:38 of 3rd period - Shot by Brent Burns.
12:38 of 3rd period - Goal by Brent Burns - Kings : 4 - Oilers : 3.
12:39 of 3rd period - Joe Pavelski wins face-off versus Aleksander Barkov in neutral zone.
13:31 of 3rd period - Mikael Granlund is hit by Alex Petrovic and loses puck.
13:58 of 3rd period - Shot by Scott Hartnell.
13:58 of 3rd period - Shot Misses the Net.
14:24 of 3rd period - Shot by Zemgus Girgensons.
14:24 of 3rd period - Shot Misses the Net.
14:26 of 3rd period - Shot by Derek MacKenzie.
14:26 of 3rd period - Shot Misses the Net.
14:39 of 3rd period - Icing by Martin Marincin.
14:40 of 3rd period - Joe Pavelski wins face-off versus Aleksander Barkov in Oilers zone.
14:45 of 3rd period - Shot by Daniel Sedin.
14:45 of 3rd period - Shot Misses the Net.
14:47 of 3rd period - Shot by Mark Stuart.
14:47 of 3rd period - Stopped by Antti Raanta without a rebound.
14:48 of 3rd period - Ryan Getzlaf wins face-off versus Victor Rask in Oilers zone.
14:48 of 3rd period - Ryan Getzlaf is hit by Austin Watson.
15:04 of 3rd period - Shot by Colton Sceviour.
15:04 of 3rd period - Shot Misses the Net.
15:28 of 3rd period - Shot by Artem Anisimov.
15:28 of 3rd period - Deflect By Brad Marchand.
15:28 of 3rd period - Shot Blocked by Fedor Tyutin.
15:47 of 3rd period - Shot by Mikael Granlund.
15:47 of 3rd period - Stopped by Antti Raanta with a rebound.
15:49 of 3rd period - Shot by Julius Honka.
15:49 of 3rd period - Shot Blocked by Brent Burns.
15:53 of 3rd period - Shot by Julius Honka.
15:53 of 3rd period - Stopped by Antti Raanta without a rebound.
15:54 of 3rd period - Joe Pavelski wins face-off versus Ryan Johansen in Oilers zone.
16:30 of 3rd period - Shot by Jannik Hansen.
16:30 of 3rd period - Shot Misses the Net.
16:32 of 3rd period - Shot by Ryan Johansen.
16:32 of 3rd period - Stopped by Steve Mason without a rebound.
16:33 of 3rd period - Dominic Moore wins face-off versus Victor Rask in Kings zone.
16:57 of 3rd period - Shot by Dominic Moore.
16:57 of 3rd period - Deflect By Brock McGinn.
16:57 of 3rd period - Stopped by Steve Mason with a rebound.
16:59 of 3rd period - Shot by Brock McGinn.
16:59 of 3rd period - Stopped by Steve Mason without a rebound.
17:00 of 3rd period - Ryan Getzlaf wins face-off versus Mikael Granlund in Kings zone.
17:15 of 3rd period - Icing by Marc-Edouard Vlasic.
17:16 of 3rd period - Daniel Sedin wins face-off versus Brad Marchand in Oilers zone.
17:25 of 3rd period - Shot by Tomas Tatar.
17:25 of 3rd period - Shot Misses the Net.
17:27 of 3rd period - Shot by Andrei Markov.
17:27 of 3rd period - Stopped by Antti Raanta with a rebound.
18:16 of 3rd period - Shot by Jannik Hansen.
18:16 of 3rd period - Stopped by Steve Mason without a rebound.
18:17 of 3rd period - Dominic Moore wins face-off versus Mikael Granlund in Kings zone.
19:22 of 3rd period - Icing by Victor Rask.
19:23 of 3rd period - Victor Rask wins face-off versus Ryan Getzlaf in Kings zone.
19:34 of 3rd period - Off-side.
19:35 of 3rd period - Ryan Getzlaf wins face-off versus Derek MacKenzie in neutral zone.
19:38 of 3rd period - Oilers, Antti Raanta is pulled from the net.
Goals for this period are 0 for Kings vs 1 for Oilers.
Shots for this period are 8 for Kings vs 19 for Oilers.